AoeStats
← Navix de los Bosques de Lituania

Arabia

507644136Analyzed
3v3 RM · 12d ago on Sep 19, 2026· 77m 57s· 6 players
Game mode
Random Map
Map size
Normal (6 player)
Population
200
Speed
Normal
Resources
Standard
Victory
Conquest
Starting age
Dark Age
Ending age
Imperial Age
RankedLock teamsTeams togetherTeam positionsShared explorationLock speedFull tech treeHidden civsTurbo modeCheats
Victory
Defeat
🇨🇴 Slavs · Colombia
754
+15
720
+16
🇦🇺 Bohemians · Australia
712
+17
🇺🇸 Inca · United States
754
-17
🇨🇳 Poles · China
718
-16
🇧🇷 Turks · Brazil
705
-15
wildt94
3:09 Loom
10:08 Feudal Age
10:39 Double-Bit Axe
11:11 Horse Collar
11:25 Town Watch
12:38 Champi Runner
21:29 Wheelbarrow
21:13 Scale Mail Armor
21:24 Forging
23:14 Fletching
27:16 Castle Age
27:26 Crossbowman
29:45 Bodkin Arrow
30:52 Squires
31:35 Bow Saw
31:28 Champi Warrior
40:17 Heavy Plow
43:25 Imperial Age
42:51 Andean Sling
44:14 Chain Mail Armor
44:35 Iron Casting
44:02 Padded Archer Armor
44:50 Gold Mining
49:03 Conscription
50:07 Blast Furnace
51:00 Thumb Ring
52:59 Plate Mail Armor
53:55 Hand Cart
56:12 Fabric Shields
57:58 Elite Kamayuk
61:02 Pikeman
63:38 Halberdier
infolutz
0:40 Loom
13:49 Feudal Age
23:19 Castle Age
25:49 Crossbowman
28:23 Squires
30:31 Scale Mail Armor
40:18 Imperial Age
47:14 Bloodlines
47:14 Scale Barding Armor
47:20 Forging
48:14 Husbandry
48:53 Chain Barding Armor
52:39 Wheelbarrow
52:50 Plate Barding Armor
noob
12:11 Feudal Age
10:58 Loom
12:43 Horse Collar
12:50 Double-Bit Axe
13:14 Loom
13:19 Town Watch
19:31 Castle Age
18:30 Gold Mining
19:19 Bloodlines
21:36 Husbandry
24:56 Bow Saw
26:23 Heavy Plow
29:29 Stone Mining
31:53 Redemption
32:07 Szlachta Privileges
33:01 Scale Barding Armor
37:32 Wheelbarrow
44:10 Imperial Age
42:04 Scale Barding Armor
44:21 Chain Barding Armor
44:56 Town Patrol
45:25 Forging
46:57 Crop Rotation
47:04 Iron Casting
46:21 Fletching
47:14 Cavalier
49:17 Caravan
51:38 Hand Cart
53:53 Stone Shaft Mining
56:17 Blast Furnace
56:35 Bodkin Arrow
56:42 Scale Mail Armor
Navix de los Bosques de Lituania
3:20 Loom
13:58 Feudal Age
14:38 Arson
14:30 Man-at-Arms
16:36 Long Swordsman
18:03 Scale Mail Armor
22:17 Double-Bit Axe
23:12 Pikeman
26:33 Wheelbarrow
28:22 Forging
30:52 Gold Mining
30:44 Horse Collar
36:20 Castle Age
39:10 Iron Casting
38:51 Chain Mail Armor
38:57 Hand Cart
38:46 Heavy Plow
38:09 Two-Handed Swordsman
38:18 Halberdier
40:46 Squires
42:10 Caravan
42:59 Bow Saw
43:24 Gold Shaft Mining
42:40 Stone Mining
43:12 Gambesons
46:12 Champion
51:17 Masonry
51:20 Fortified Wall
61:03 Ballistics
Derzer
8:16 Loom
10:14 Feudal Age
12:39 Man-at-Arms
16:26 Scale Mail Armor
22:43 Wheelbarrow
22:38 Double-Bit Axe
22:53 Horse Collar
26:00 Castle Age
25:40 Gold Mining
25:42 Stone Mining
26:18 Light Cavalry
27:12 Bloodlines
30:24 Caravan
31:02 Gold Shaft Mining
31:03 Husbandry
31:44 Long Swordsman
32:40 Bow Saw
33:12 Forging
33:52 Chain Mail Armor
34:03 Heavy Plow
34:27 Hand Cart
35:14 Scale Barding Armor
35:18 Squires
35:36 Detinets
40:57 Imperial Age
39:04 Coinage
39:19 Chain Barding Armor
40:27 Iron Casting
40:03 Town Watch
40:58 Crossbowman
41:51 Elite Boyar
43:57 Conscription
50:20 Hoardings
51:23 Blast Furnace
50:59 Plate Barding Armor
70:05 Two-Man Saw
THENEYK
10:46 Feudal Age
12:40 Wheelbarrow
17:00 Castle Age
21:30 Loom
22:35 Town Watch
23:48 Horse Collar
24:33 Double-Bit Axe
26:04 Wagenburg Tactics
29:43 Squires
29:04 Pikeman
38:13 Imperial Age
37:57 Ballistics
38:46 Chemistry
39:31 Bow Saw
40:02 Elite Hussite Wagon
42:32 Town Patrol
42:46 Halberdier
72:40 Forging
72:35 Scale Mail Armor
Connection lost

Rejoining the realm…

Still unreachable

The connection could not be restored.

Session expired

The server has moved on; the page needs a fresh start.